Map: Automaton LE

Players

PtitDrogo

  • Race: Protoss Protoss
  • Spawn Location: 9:00

Bly - Winner!

  • Race: Zerg Zerg
  • Spawn Location: 3:00

Event: IEM Season 13: Katowice (2019)

VOD

Have the link to the VOD?

Description

Time

  • Played on: Feb. 25, 2019, 8:59 a.m.
  • Length: 4:47

All games in this series

Show
View Real Time Build Order
Export as new Build Order

PtitDrogo Protoss 

Build Orders: 1 Gate Expand 

Get SALT Encoding   

  12  0:00  Probe  
  13  0:13  Probe  
  14  0:19  Pylon  
  14  0:25  Probe  
  15  0:33  Probe  
  15  0:40  Gateway  
  15  0:41  Probe  
  16  0:47  Assimilator  
  17  0:51  Probe  
  18  1:03  Probe  
  19  1:32  Nexus  
  19  1:34  Probe  
  19  1:38  Cybernetics Core  
  20  1:45  Assimilator  
  20  1:49  Probe  
  21  1:56  Pylon  
  21  1:58  Zealot  
  21  2:07  Probe  
  23  2:17  Warp Gate  
  23  2:19  Probe  
  23  2:20  Adept  
  26  2:35  Stargate  
  26  2:36  Probe  
  26  2:41  Probe  
  27  2:44  Probe  
  29  2:52  Probe x2  
  31  2:59  Stalker  
  31  3:03  Probe  
  31  3:05  Probe  
  35  3:13  Void Ray  
  35  3:17  Probe  
  41  3:29  Gateway  
  40  3:35  Shield Battery  
  36  3:48  Probe  
  36  3:51  Probe  
  36  3:54  Gateway  
  30  4:00  Probe  
  30  4:03  Probe  
  30  4:09  Adept  
  32  4:12  Probe  
  33  4:20  Shield Battery  
  33  4:24  Probe  
  32  4:36  Pylon  
  30  4:39  Pylon  
Show
View Real Time Build Order
Export as new Build Order

Bly Zerg - Winner!

Build Orders: Hatch First 

Get SALT Encoding   

  12  0:01  Drone  
  13  0:12  Overlord  
  13  0:17  Drone  
  14  0:32  Drone x2  
  16  0:51  Hatchery  
  16  0:54  Drone  
  16  1:16  Drone  
  17  1:28  Drone  
  17  1:31  Spawning Pool  
  17  1:39  Extractor, Drone  
  17  1:53  Drone  
  17  1:54  Drone, Hatchery  
  19  1:55  Drone  
  19  2:19  Queen x2  
  24  2:22  Zergling x2  
  24  2:27  Overlord  
  24  2:31  Zergling x2  
  24  2:34  Zergling x2  
  26  2:37  Zergling x2  
  27  2:46  Metabolic Boost  
  27  2:51  Zergling x4  
  29  2:59  Overlord  
  29  3:07  Queen  
  31  3:17  Zergling x4  
  31  3:19  Zergling x4  
  35  3:25  Zergling x4  
  37  3:30  Zergling x2  
  37  3:40  Zergling x2  
  36  3:52  Zergling x8  
  40  3:57  Zergling x2  
  37  4:05  Zergling x2  
  37  4:07  Zergling x6  
  40  4:11  Zergling x2  
  38  4:20  Zergling x6  
  39  4:28  Zergling x12  

Tags
 
Add a new tag
Caveats
  • Supply blocks, unpowered buildings, or Contaminate may cause inaccurate times.
  • Supply counts are checked every 10 seconds.